[Event "Late-Titled-Tuesday-Blitz-February-06-2024"]
[Site "Chess.com"]
[Date "2024.02.06"]
[Round "8"]
[White "nikitadovbnya2008"]
[Black "koncheto"]
[Result "0-1"]
[WhiteElo "2347"]
[BlackElo "2507"]
[TimeControl "180+1"]
[EndTime "15:27:45 PST"]
[Termination "koncheto won by resignation"]

1. d4 Nf6 2. c4 e6 3. Nc3 c5 4. d5 exd5 5. cxd5 d6 6. e4 g6 7. f4 Bg7 8. Bb5+ Nfd7 9. Nf3 O-O 10.
a4 Na6 11. O-O Re8 12. f5 Nb4 13. Bg5 f6 14. Bf4 a6 15. Bc4 Ne5 16. Nxe5 fxe5 17. Be3 gxf5 18. exf5 Qh4 19. Qe2 Nc2 20. Bf2 Qf4 21. h3 Nxa1 22. Rxa1 Bxf5 23. Rf1 Qg5 24. Be3 Qg6 25. Kh2 e4 26. g4 Be5+ 27. Bf4 Bd7 28.
Nxe4 Rf8 29. Bxe5 Rxf1 30. Qxf1 Qxe4 31. Bxd6 Re8 32. b3 Qc2+ 33. Kg3 b5 34. Bd3 Qxb3 35. axb5 Bxb5 36. Kh4 Qxd3 37. Qf6 Qg6 38. Qf4 c4 39. Be5 h6 40. d6 Rxe5 41. Qxe5 Qg5+ 42. Qxg5+ hxg5+ 43. Kxg5 c3 44. h4 c2 45. h5 c1=Q+ 0-1

[Event "Late-Titled-Tuesday-Blitz-February-06-2024"]
[Site "Chess.com"]
[Date "2024.02.06"]
[Round "8"]
[White "djano"]
[Black "ybothg"]
[Result "1-0"]
[WhiteElo "2640"]
[BlackElo "2517"]
[TimeControl "180+1"]
[EndTime "15:27:47 PST"]
[Termination "djano won by resignation"]

1. e4 c5 2. Nc3 e6 3. f4 Nf6 4.
e5 Nd5 5. Nf3 d6 6. Bc4 Nxf4 7.
O-O dxe5 8. Qe1 Nc6 9. Kh1 Ng6 10. d3 Be7 11. Be3 O-O 12. Qf2 Nd4 13. Rae1 Rb8 14. a3 b5 15. Ba2 Bb7 16. Ne4 Bd5 17. Bb1 f5 18. Nc3 Bc6 19. Ne2 Nxf3 20. gxf3 Nh4 21. Ng1 e4 22. Bxc5 Nxf3 23. Nxf3 exf3 24. Rxe6 Bxc5 25. Qxc5 Ba8 26. Rf2 Qg5 27. Ba2 Qc1+ 28. Re1+ 1-0

[Event "Late-Titled-Tuesday-Blitz-February-06-2024"]
[Site "Chess.com"]
[Date "2024.02.06"]
[Round "8"]
[White "bazar-wokzal"]
[Black "GiorgianBarbosa"]
[Result "1-0"]
[WhiteElo "2637"]
[BlackElo "2484"]
[TimeControl "180+1"]
[EndTime "15:27:49 PST"]
[Termination "bazar-wokzal won by checkmate"]

1. e4 c5 2. c3 g6 3. d4 cxd4 4. cxd4 d5 5. e5 Bg7 6. Nc3 Nc6 7. Bf4 Nh6 8. Qd2 Nf5 9. Nf3 h5 10. O-O-O Qa5 11. Kb1 Be6 12. Bb5 a6 13. Bxc6+ bxc6 14.
h3 h4 15. g4 hxg3 16. fxg3 Rb8 17. g4 Nh4 18. Ng5 Kd7 19. Rhf1 Rb7 20. Ka1 Rhb8 21. Rb1 Rb4 22. Rf2 R8b6 23. Bg3 Bh6 24. Bxh4 f6 25.
exf6 exf6 26. Rxf6 Ra4 27. Qe2 c5 28. Rxe6 Bxg5 29. Rxb6 Qxb6 30. Nxa4 Qxb2+ 31. Rxb2 Bc1 32. Qe7+ Kc6 33. Rb6# 1-0

[Event "Late-Titled-Tuesday-Blitz-February-06-2024"]
[Site "Chess.com"]
[Date "2024.02.06"]
[Round "8"]
[White "egnfanclub"]
[Black "JonasEilenberg"]
[Result "0-1"]
[WhiteElo "2355"]
[BlackElo "2514"]
[TimeControl "180+1"]
[EndTime "15:27:49 PST"]
[Termination "JonasEilenberg won by resignation"]

1. e4 c5 2. Nc3 Nc6 3. f4 g6 4. Nf3 Bg7 5. Bc4 e6 6. f5 Nge7 7. fxe6 fxe6 8. d3 O-O 9. O-O d5 10. Bb3 Nd4 11. Bg5 Nxb3 12. axb3 d4 13. Bxe7 Qxe7 14.
Na4 Bd7 15. b4 cxb4 16. b3 b5 17. Nb2 a5 18. Qd2 Qc5 19. Rae1 a4 20. bxa4 bxa4 21. Nc4 Bb5 22. Rb1 Bxc4 23. dxc4 Rab8 24. Qd3 a3 25.
Nd2 Rxf1+ 26. Rxf1 Rc8 27. Kh1 Bh6 28. Qh3 Bxd2 29. Qxe6+ Kg7 30. Rf7+ Kh6 31. Qd7 Rh8 32. g4 a2 33. g5+ Qxg5 34. Rf1 Rf8 0-1

[Event "Late-Titled-Tuesday-Blitz-February-06-2024"]
[Site "Chess.com"]
[Date "2024.02.06"]
[Round "8"]
[White "rezamahdavi2008"]
[Black "HansOnTwitch"]
[Result "0-1"]
[WhiteElo "2840"]
[BlackElo "3143"]
[TimeControl "180+1"]
[EndTime "15:27:51 PST"]
[Termination "HansOnTwitch won on time"]

1. e4 c5 2. Nf3 d6 3. d4 cxd4 4. Nxd4 Nf6 5. Nc3 a6 6. Bc4 b5 7. Bb3 e6 8. Be3 Bb7 9. f3 h5 10. Qd2 Nbd7 11. a4 b4 12. Nce2 d5 13. O-O-O Nc5 14.
Kb1 Nxb3 15. Nxb3 dxe4 16. Bd4 Qc7 17. Rhe1 Be7 18. Qg5 Rc8 19. Rc1 O-O 20. Ng3 Rfd8 21. Be5 Rd5 22. Nf5 exf5 23. Bxc7 Rxc7 24. Rcd1 g6 25.
Rxd5 Nxd5 26. Qd2 Rd7 27. Qe2 e3 28. Rd1 f4 29. Na5 Ba8 30. Ka1 Bf6 31. Qxa6 Rd8 32. Nc6 Bxc6 33. Qxc6 Kg7 34. Qc4 Nb6 35. Qe2 Ra8 36.
Ka2 Nxa4 37. Kb3 Nxb2 38. Rd7 Bc3 0-1

[Event "Late-Titled-Tuesday-Blitz-February-06-2024"]
[Site "Chess.com"]
[Date "2024.02.06"]
[Round "8"]
[White "Bilan_Danila"]
[Black "giomar27"]
[Result "0-1"]
[WhiteElo "2597"]
[BlackElo "2461"]
[TimeControl "180+1"]
[EndTime "15:27:52 PST"]
[Termination "giomar27 won by checkmate"]

1. d4 g6 2. Nf3 Bg7 3. Bg5 d6 4.
c3 h6 5. Bh4 Nc6 6. e4 Bg4 7.
Nbd2 Qd7 8. Bb5 a6 9. Ba4 b5 10. Bb3 e5 11. h3 Bxf3 12. Nxf3 Nf6 13. dxe5 Nxe5 14. Nxe5 dxe5 15. Qxd7+ Nxd7 16. O-O-O g5 17. Bxf7+ Ke7 18. Bg3 Nc5 19. Bg6 Rad8 20. Kc2 h5 21.
h4 g4 22. Rxd8 Kxd8 23. Rd1+ Ke7 24. b4 Ne6 25. Bf5 Nf4 26. Rd7+ Kf6 27. Rxc7 Nxg2 28.
Rc6+ Kf7 29. Rxa6 Rd8 30. Bg6+ Kg8 31. Bxh5 Ne1+ 32. Kc1 Kh7 33. Bxg4 Bh6+ 34. Kb2 Rd2+ 35. Kb1 Nd3 36. Bf5+ Kg7 37. Rd6 Rd1+ 38. Kc2 Rd2+ 39. Kb3 Nc1+ 40. Ka3 Rxa2# 0-1

[Event "Late-Titled-Tuesday-Blitz-February-06-2024"]
[Site "Chess.com"]
[Date "2024.02.06"]
[Round "8"]
[White "Chessdude1987"]
[Black "wanyaland"]
[Result "0-1"]
[WhiteElo "2307"]
[BlackElo "2485"]
[TimeControl "180+1"]
[EndTime "15:27:54 PST"]
[Termination "wanyaland won on time"]

1. e4 c5 2. Nf3 e6 3. d4 cxd4 4. Nxd4 Nc6 5. Nc3 Qc7 6. g3 a6 7.
Bg2 Nf6 8. O-O Nxd4 9. Qxd4 Bc5 10. Qd1 d6 11. Re1 O-O 12. Be3 Bb4 13. Bg5 Nd7 14. Rb1 Re8 15. Qg4 Bxc3 16. bxc3 Qxc3 17. Re3 Qxc2 18. Rbe1 Ne5 19. Qh5 Bd7 20. Rb3 Bc6 21. f4 Nd3 22. Rf1 Qc5+ 23. Kh1 Nf2+ 24. Rxf2 Qxf2 25. Rb1 Qxa2 26. Rf1 Qc4 27. Re1 a5 28. Qg4 Qc3 29. Rd1 a4 30. e5 Bxg2+ 31. Kxg2 dxe5 32. Bf6 Qc2+ 0-1

[Event "Late-Titled-Tuesday-Blitz-February-06-2024"]
[Site "Chess.com"]
[Date "2024.02.06"]
[Round "8"]
[White "DanielNaroditsky"]
[Black "jefferyx"]
[Result "1/2-1/2"]
[WhiteElo "3203"]
[BlackElo "3002"]
[TimeControl "180+1"]
[EndTime "15:27:55 PST"]
[Termination "Game drawn by agreement"]

1. e4 c5 2. c3 e6 3. d4 cxd4 4.
cxd4 d5 5. e5 Nc6 6. Nf3 Nge7 7.
Nc3 Nf5 8. Bb5 Bd7 9. O-O Qb6 10. a4 a6 11. a5 Qa7 12. Bxc6 Bxc6 13. Na4 Be7 14. Nb6 Rd8 15. Bg5 Bxg5 16. Nxg5 Qb8 17. Ra3 Qc7 18. Qd2 Qe7 19. Nf3 O-O 20. Rc1 Nh4 21.
Nxh4 Qxh4 22. Rh3 Qe7 23. Rcc3 f6 24. exf6 Rxf6 25. Rhe3 Qb4 26. Rc2 Qxd2 27. Rxd2 Kf7 28. f3 Ke7 29. Kf2 Kd6 30. h4 Rdf8 31. Rde2 Bb5 32.
Re1 Bc6 33. R1e2 Bb5 34. Re1 Bc6 35. g4 Bd7 36. Kg3 Rf4 37. Rd1 1/2-1/2

[Event "Late-Titled-Tuesday-Blitz-February-06-2024"]
[Site "Chess.com"]
[Date "2024.02.06"]
[Round "8"]
[White "AsterPhoenix"]
[Black "snowlord"]
[Result "0-1"]
[WhiteElo "2642"]
[BlackElo "2872"]
[TimeControl "180+1"]
[EndTime "15:27:55 PST"]
[Termination "snowlord won by resignation"]

1. e4 e5 2. Nf3 Nc6 3. Bc4 Nf6 4. d3 Bc5 5. Nc3 d6 6. Bg5 h6 7. Bxf6 Qxf6 8. Nd5 Qd8 9. c3 a6 10. d4 Ba7 11.
dxe5 Nxe5 12. Nxe5 dxe5 13. Qh5 O-O 14. Qxe5 Re8 15.
Qf4 Be6 16. O-O-O Qg5 17. Qxg5 hxg5 18. Bb3 Rac8 19. f3 a5 20. Rhe1 g4 21. Ne3 gxf3 22.
gxf3 g6 23. Kc2 Kg7 24. Nf1 Bh3 25. Ng3 b5 26. a4 c6 27. axb5 cxb5 28. Rd5 a4 29. Ba2 b4 30. Ra5 b3+ 31. Bxb3 axb3+ 32. Kxb3 Bb6 33. Ra6 Bf2 34. Re2 Bxg3 35. hxg3 Bf1 0-1

[Event "Late-Titled-Tuesday-Blitz-February-06-2024"]
[Site "Chess.com"]
[Date "2024.02.06"]
[Round "8"]
[White "Resignify"]
[Black "stepanosinovsky"]
[Result "0-1"]
[WhiteElo "2323"]
[BlackElo "2386"]
[TimeControl "180+1"]
[EndTime "15:27:56 PST"]
[Termination "stepanosinovsky won by checkmate"]

1. e4 e5 2. Nf3 Nc6 3. Bc4 Nf6 4. d3 Be7 5. c3 O-O 6. O-O Kh8 7. Re1 d6 8. Nbd2 Ng8 9. d4 f5 10.
exf5 Bxf5 11. dxe5 dxe5 12. Nxe5 Nxe5 13. Rxe5 Nh6 14. h3 Bd6 15. Re1 Bxh3 16. gxh3 Qg5+ 17. Kf1 Rxf2+ 18. Kxf2 Bc5+ 19. Kf1 Qg1+ 20. Ke2 Qe3+ 21. Kf1 Qf2# 0-1

[Event "Late-Titled-Tuesday-Blitz-February-06-2024"]
[Site "Chess.com"]
[Date "2024.02.06"]
[Round "8"]
[White "nindjaxx8"]
[Black "CaspiIsrael"]
[Result "0-1"]
[WhiteElo "2566"]
[BlackElo "2693"]
[TimeControl "180+1"]
[EndTime "15:27:57 PST"]
[Termination "CaspiIsrael won by resignation"]

1. d4 f5 2. c4 Nf6 3. Nc3 g6 4. Nf3 Bg7 5. Bf4 O-O 6. e3 d6 7.
Be2 Nc6 8. O-O Re8 9. Bg3 e6 10. Qc2 Bd7 11. Rad1 Ne7 12. b4 a5 13. a3 h6 14. Nd2 g5 15. h3 Ng6 16. Bd3 Nh5 17. Ne2 Nxg3 18. fxg3 Ne7 19. d5 exd5 20. cxd5 axb4 21.
axb4 Ra3 22. Nc4 Ra7 23. Qb1 Qa8 24. Nd4 Bxd4 25. exd4 Rf8 26. Ne3 Qc8 27. Qc1 Rf7 28. Qd2 Ra3 29. Qe2 Qa8 30. Qh5 Kg7 31. Rfe1 Qa7 32.
Kh1 Qxd4 33. Nxf5+ Bxf5 34. Bxf5 Nxf5 35. Kh2 Rd3 36. Ra1 Nxg3 0-1

[Event "Late-Titled-Tuesday-Blitz-February-06-2024"]
[Site "Chess.com"]
[Date "2024.02.06"]
[Round "8"]
[White "wild3000"]
[Black "Cronos97"]
[Result "1/2-1/2"]
[WhiteElo "2354"]
[BlackElo "2210"]
[TimeControl "180+1"]
[EndTime "15:27:57 PST"]
[Termination "Game drawn by repetition"]

1. d4 Nf6 2. e3 g6 3. Nf3 Bg7 4. Be2 O-O 5. O-O c5 6. b3 cxd4 7. Nxd4 Nc6 8. Nxc6 bxc6 9. Bb2 a5 10. Nc3 d5 11.
Na4 Nd7 12. Bxg7 Kxg7 13. e4 e6 14. Qd4+ Qf6 15. Qxf6+ Kxf6 16. Bd3 Ba6 17. Rfe1 Bxd3 18. cxd3 Rfc8 19. Rac1 Rab8 20. Nc5 Nxc5 21. Rxc5 a4 22. bxa4 Rb2 23. a5 Rxa2 24. exd5 exd5 25. h4 h5 26. g3 Kf5 27. Kg2 Ra3 28. Re3 Rc7 29. Kf3 f6 30. d4 Ra4 31. Rec3 Rxd4 32. Rxc6 Rxc6 33. Rxc6 Rd3+ 34.
Ke2 Ra3 35. a6 g5 36. hxg5 fxg5 37. Rd6 Kg4 38. Rxd5 Rxa6 39. Kf1 h4 40. Kg2 hxg3 41. f3+ Kf4 42. Rd4+ Kf5 43. Kxg3 Ra5 44. Rc4 Rb5 45. Ra4 Rc5 46. Rb4 Ra5 47. Rd4 Rb5 48. Rd8 Ra5 49.
Rf8+ Kg6 50. Kg4 Ra4+ 51. Kg3 Ra5 52. Rg8+ Kf5 53. Rb8 Rc5 54. Re8 Ra5 55. Rf8+ Kg6 1/2-1/2

[Event "Late-Titled-Tuesday-Blitz-February-06-2024"]
[Site "Chess.com"]
[Date "2024.02.06"]
[Round "8"]
[White "BozeKat"]
[Black "Ze-Pequeno"]
[Result "1/2-1/2"]
[WhiteElo "2002"]
[BlackElo "2118"]
[TimeControl "180+1"]
[EndTime "15:27:59 PST"]
[Termination "Game drawn by repetition"]

1. d4 Nf6 2. Bg5 d5 3. Bxf6 exf6 4. e3 c6 5. c4 dxc4 6. Bxc4 Bd6 7. Nf3 O-O 8. h3 f5 9. O-O Nd7 10. Nbd2 Nf6 11.
Bd3 Qe7 12. Nc4 Bc7 13. Nce5 g6 14. a3 Be6 15. b4 a6 16. Rb1 Rfd8 17. Qc2 Rac8 18.
Rfc1 Bd6 19. Qe2 Kg7 20. Nc4 Bc7 21. Nfe5 Bd5 22. a4 Re8 23. b5 axb5 24. axb5 c5 25.
b6 Bb8 26. Nf3 cxd4 27. Nxd4 Ne4 28. Nd2 Nc3 29. Rxc3 Rxc3 30. Bxf5 Qe5 31. N2f3 Bxf3 32. Qxf3 gxf5 33. Nxf5+ Kh8 34. Ng3 Qe7 35. Rd1 Rec8 36. Rd4 Rc1+ 37. Kh2 Rg8 38. Re4 Qf8 39. Ra4 Qg7 40. Rg4 Qf8 41. Qf6+ Rg7 42. Rxg7 Qxg7 43. Qd8+ Qg8 44. Qf6+ Qg7 45. Qd8+ Qg8 46. Qf6+ Qg7 1/2-1/2

[Event "Late-Titled-Tuesday-Blitz-February-06-2024"]
[Site "Chess.com"]
[Date "2024.02.06"]
[Round "8"]
[White "aghasiyevkamal"]
[Black "igorknyazev"]
[Result "1-0"]
[WhiteElo "2604"]
[BlackElo "2187"]
[TimeControl "180+1"]
[EndTime "15:28:01 PST"]
[Termination "aghasiyevkamal won on time"]

1. d4 Nf6 2. c4 c5 3. d5 b5 4.
cxb5 a6 5. b6 d6 6. Nc3 Nbd7 7.
a4 Qxb6 8. e4 g6 9. Bd3 Bg7 10.
Nf3 Ng4 11. O-O O-O 12. a5 Qb4 13. Ra4 Qb7 14. Ra3 Nge5 15. Nxe5 Nxe5 16. Be2 f5 17.
Na4 fxe4 18. Nb6 Rb8 19. Bg5 Bf6 20. Bh6 Rf7 21. Re3 Bf5 22. g4 Bd7 23. Rxe4 Bb5 24. h3 Bxe2 25. Qxe2 Bg7 26. Bxg7 Nf3+ 27. Kh1 Kxg7 28.
b4 Ng5 29. Re3 cxb4 30. h4 e6 31. hxg5 exd5 32. f3 Rbf8 33. Qb2+ Kg8 34. Qd4 Re7 35.
Rxe7 Qxe7 36. Nxd5 Qf7 37. Nf6+ 1-0

[Event "Late-Titled-Tuesday-Blitz-February-06-2024"]
[Site "Chess.com"]
[Date "2024.02.06"]
[Round "8"]
[White "IranianCheetah"]
[Black "JackRodgers"]
[Result "1-0"]
[WhiteElo "2369"]
[BlackElo "2495"]
[TimeControl "180+1"]
[EndTime "15:28:01 PST"]
[Termination "IranianCheetah won by resignation"]

1. e4 c5 2. Nf3 g6 3. d4 cxd4 4. Qxd4 Nf6 5. e5 Nc6 6. Qa4 Nd5 7. Qe4 Nb6 8. Nc3 Bg7 9. Bf4 d6 10. exd6 Bf5 11. Qe2 O-O 12. O-O-O Rc8 13. dxe7 Qxe7 14. Qxe7 Nxe7 15. Be5 Bxe5 16. Nxe5 Ned5 17. Bd3 Nxc3 18. bxc3 Be6 19. c4 Nxc4 20. Bxc4 Bxc4 21. Rd7 Bxa2 22. Kb2 Be6 23. Rxb7 Rc5 24. Nd3 Ra5 25. Ra1 Rxa1 26. Kxa1 a6 27. Nc5 Bd5 28. Ra7 Rc8 29. Nd7 Bxg2 30.
Kb2 Ra8 31. Rc7 a5 32. c4 a4 33. Ka3 Bf3 34. Nb6 Re8 35. Rc8 Rxc8 36. Nxc8 Bc6 37.
Ne7+ Kf8 38. Nxc6 1-0

[Event "Late-Titled-Tuesday-Blitz-February-06-2024"]
[Site "Chess.com"]
[Date "2024.02.06"]
[Round "8"]
[White "Zavgorodniy_Sergiy"]
[Black "Felix-Rose"]
[Result "1-0"]
[WhiteElo "2588"]
[BlackElo "2383"]
[TimeControl "180+1"]
[EndTime "15:28:02 PST"]
[Termination "Zavgorodniy_Sergiy won on time"]

1. d4 d5 2. c4 e6 3. Nf3 Nf6 4. e3 Be7 5. Nbd2 O-O 6. Bd3 b6 7. O-O Bb7 8. Qe2 c5 9. b3 Nc6 10. Bb2 Rc8 11. Rac1 cxd4 12. exd4 Qd6 13. Rfd1 Rfd8 14.
h3 Qf4 15. g3 Qd6 16. Kh2 Bf8 17. c5 Qb8 18. a3 Ne7 19. b4 Ng6 20. Rc2 a5 21. Rdc1 axb4 22. axb4 bxc5 23. dxc5 Ba8 24. b5 Re8 25. c6 e5 26. Bf5 e4 27. Nd4 Rc7 28.
Bc3 Ne5 29. Ba5 Nd3 30. Bxc7 Qxc7 31. Rb1 Bd6 32. b6 Qe7 33. b7 Be5 34. bxa8=Q Rxa8 35. Nb5 g6 36. Bd7 Nxd7 37. cxd7 Qxd7 38. Nf1 h5 39. h4 Qe7 40. Kg2 1-0

[Event "Late-Titled-Tuesday-Blitz-February-06-2024"]
[Site "Chess.com"]
[Date "2024.02.06"]
[Round "8"]
[White "LeninGuerra"]
[Black "katharinareinecke"]
[Result "1-0"]
[WhiteElo "2628"]
[BlackElo "1971"]
[TimeControl "180+1"]
[EndTime "15:28:02 PST"]
[Termination "LeninGuerra won by checkmate"]

1. e4 c6 2. Nf3 d5 3. exd5 cxd5 4.
Ne5 Nc6 5. Bb5 Bd7 6. Bxc6 bxc6 7. O-O Nf6 8. Re1 e6 9. b3 Bd6 10. Bb2 O-O 11. d3 c5 12. Nd2 Qc7 13. Ndf3 Ne8 14. c4 d4 15. Nxd7 Qxd7 16. b4 cxb4 17. Bxd4 a5 18. Qc2 Qc7 19. Qb2 Bc5 20. Be5 Qb6 21.
d4 Be7 22. d5 exd5 23. cxd5 Bf6 24. Bxf6 Nxf6 25. Rad1 Rfd8 26. Re5 Rd6 27. h3 Rad8 28. Qe2 g6 29. Ng5 Qb7 30. Re7 R6d7 31. Rxd7 Rxd7 32.
d6 Qc6 33. Qe5 Qc2 34. Re1 Qxa2 35. Qxf6 b3 36. Re8# 1-0

[Event "Late-Titled-Tuesday-Blitz-February-06-2024"]
[Site "Chess.com"]
[Date "2024.02.06"]
[Round "8"]
[White "IraZyne"]
[Black "Vicmary2005"]
[Result "1-0"]
[WhiteElo "2316"]
[BlackElo "2026"]
[TimeControl "180+1"]
[EndTime "15:28:03 PST"]
[Termination "IraZyne won on time"]

1. e4 c5 2. Nc3 Nc6 3. g3 g6 4.
Bg2 Bg7 5. d3 e6 6. Be3 Nd4 7.
Nce2 Ne7 8. c3 Nxe2 9. Nxe2 b6 10. d4 cxd4 11. Bxd4 O-O 12. O-O Bb7 13. Bxg7 Kxg7 14. Qd4+ Kg8 15. c4 Nc6 16. Qc3 Rc8 17. b3 Qe7 18.
Rad1 Rfd8 19. Nf4 f6 20. Rfe1 Ne5 21. Qb2 g5 22. Nd3 Ng6 23. e5 Bxg2 24. exf6 Qf7 25. Kxg2 Rf8 26. Ne5 Qxf6 27. Qd4 Nxe5 28. Rxe5 Qf3+ 29.
Kg1 Rf7 30. Rxg5+ Kf8 31. Qd6+ Re7 32. Rd4 e5 33. Rxe5 1-0

[Event "Late-Titled-Tuesday-Blitz-February-06-2024"]
[Site "Chess.com"]
[Date "2024.02.06"]
[Round "8"]
[White "Ready4abattle"]
[Black "DeArron_Fox"]
[Result "0-1"]
[WhiteElo "2316"]
[BlackElo "2497"]
[TimeControl "180+1"]
[EndTime "15:28:04 PST"]
[Termination "DeArron_Fox won by resignation"]

1. e4 c5 2. Nf3 e6 3. d4 cxd4 4. Nxd4 a6 5. Nc3 b5 6. f4 Bb7 7. a3 Nc6 8. Nxc6 Bxc6 9. Bd3 Bc5 10. Qf3 Ne7 11. Be3 Bxe3 12. Qxe3 d5 13. Qg3 dxe4 14. Nxe4 Nf5 15. Qf2 Qc7 16. O-O-O Rd8 17. Kb1 Nd4 18. Rhe1 O-O 19. Ng5 h6 20. Bh7+ Kh8 21. Rxd4 Rxd4 22.
Qxd4 hxg5 23. Bd3 Qxf4 24. Qc5 Rc8 25. Rf1 Qd2 26. Rxf7 Qd1+ 27. Ka2 Bd5+ 0-1

[Event "Late-Titled-Tuesday-Blitz-February-06-2024"]
[Site "Chess.com"]
[Date "2024.02.06"]
[Round "8"]
[White "xakevicius91"]
[Black "KorolDimitriy75"]
[Result "0-1"]
[WhiteElo "2564"]
[BlackElo "2399"]
[TimeControl "180+1"]
[EndTime "15:28:09 PST"]
[Termination "KorolDimitriy75 won by resignation"]

1. e4 c5 2. Nf3 d6 3. Bb5+ Nd7 4. c4 Nf6 5. Nc3 g6 6. h3 Bg7 7. d3 O-O 8. Be3 Nb8 9. Qd2 Bd7 10. Bh6 a6 11. Bxd7 Qxd7 12. Bxg7 Kxg7 13. g4 b5 14. b3 b4 15. Ne2 Nc6 16. Ng3 e5 17. O-O Ng8 18.
Kg2 Nge7 19. Nh4 Nd4 20. f4 f6 21. a3 a5 22. Qb2 bxa3 23. Rxa3 Rfb8 24. Ne2 Nec6 25.
Nf3 Nxe2 26. Qxe2 exf4 27. g5 fxg5 28. Qb2+ Kh6 29. Rh1 Rf8 30. Qf2 Qe6 31. Re1 Ne5 32. Qe2 g4 33. Nxe5 f3+ 34. Nxf3 gxf3+ 35. Qxf3 Rxf3 36.
Kxf3 Qxh3+ 37. Ke2 Rf8 38. Raa1 Qg2+ 39. Kd1 Rf2 40. e5 Rd2+ 41. Kc1 Rc2+ 42. Kb1 Rb2+ 43. Kc1 0-1

[Event "Late-Titled-Tuesday-Blitz-February-06-2024"]
[Site "Chess.com"]
[Date "2024.02.06"]
[Round "8"]
[White "JoakimVonAnd"]
[Black "Arystanner"]
[Result "1-0"]
[WhiteElo "2680"]
[BlackElo "2848"]
[TimeControl "180+1"]
[EndTime "15:28:10 PST"]
[Termination "JoakimVonAnd won by resignation"]

1. Nf3 d5 2. g3 Nd7 3. d4 Ngf6 4. Bg2 e6 5. O-O Be7 6. b3 O-O 7. c4 c6 8. Bb2 a5 9. Nc3 b6 10. Nd2 b5 11. cxb5 cxb5 12. Nxb5 Qb6 13. a4 Ba6 14. e4 Bxb5 15. axb5 Rfc8 16. exd5 exd5 17. Nf3 Qxb5 18. Ne5 Rab8 19. Ba3 Bxa3 20. Rxa3 Nxe5 21. dxe5 Ne4 22. Bxe4 dxe4 23. Qe1 Qxe5 24. Rxa5 Qe7 25. Ra4 f5 26. Qd1 Qe6 27. Ra5 g6 28. Ra7 Rd8 29. Qa1 Rd7 30. Rd1 Rxa7 31. Qxa7 Re8 32. b4 e3 33. Qxe3 Qxe3 34.
fxe3 Rxe3 35. Rb1 Kf7 36. b5 Re7 37. b6 Rb7 38. Kf2 Ke6 39. Kf3 g5 40. Rb5 h6 41. h3 Kd6 42. Rxf5 Ke6 43. Rb5 Kd6 44.
Kg4 1-0

[Event "Late-Titled-Tuesday-Blitz-February-06-2024"]
[Site "Chess.com"]
[Date "2024.02.06"]
[Round "8"]
[White "mbojan"]
[Black "IMSlavin"]
[Result "1-0"]
[WhiteElo "2823"]
[BlackElo "2351"]
[TimeControl "180+1"]
[EndTime "15:28:10 PST"]
[Termination "mbojan won by checkmate"]

1. h4 Nc6 2. a4 e5 3. a5 a6 4. c3 Be7 5. d4 exd4 6. cxd4 Bxh4 7.
Nf3 Bf6 8. Nc3 Nge7 9. d5 Ne5 10.
d6 Nxf3+ 11. gxf3 Nc6 12. dxc7 Qxc7 13. Nd5 Qd8 14. Bf4 Be5 15. Bxe5 Nxe5 16. Qd4 d6 17. f4 Ng6 18. Qxg7 Be6 19. Nb6 Rb8 20. Rc1 d5 21.
Bh3 Qd6 22. Bxe6 Qxe6 23. Rc3 d4 24. Qxd4 O-O 25. Nd7 Rfd8 26. Nf6+ Kf8 27. Nxh7+ Kg8 28.
Nf6+ Kf8 29. Qc5+ Kg7 30. Rh7+ Kxf6 31. Qg5# 1-0

[Event "Late-Titled-Tuesday-Blitz-February-06-2024"]
[Site "Chess.com"]
[Date "2024.02.06"]
[Round "8"]
[White "Bryanl106"]
[Black "Englishman_18"]
[Result "0-1"]
[WhiteElo "2520"]
[BlackElo "2398"]
[TimeControl "180+1"]
[EndTime "15:28:10 PST"]
[Termination "Englishman_18 won by checkmate"]

1. e4 c5 2. Nf3 d6 3. d4 cxd4 4. Nxd4 Nf6 5. Nc3 a6 6. h3 e6 7.
g4 Be7 8. Bg2 Nc6 9. O-O O-O 10.
Be3 Bd7 11. Qe2 Qc7 12. f4 Nxd4 13. Bxd4 e5 14. fxe5 dxe5 15. Be3 b5 16. g5 Ne8 17. Nd5 Qd6 18. b4 Qe6 19. Qg4 Bd6 20. Qg3 Kh8 21.
Rad1 Nc7 22. Nb6 Rad8 23. Bc5 Bc6 24. Qf2 Bxc5 25. bxc5 Qxa2 26. Rxd8 Rxd8 27. Qxf7 Ne6 28. Nd5 Bxd5 29. exd5 Nf4 30. Rxf4 exf4 31. c6 Qxc2 32.
c7 Rc8 33. d6 Qc5+ 34. Kh1 Qxd6 35. g6 hxg6 36. Be4 Rxc7 37. Qe8+ Kh7 38. h4 Rc1+ 39.
Kh2 Qd2+ 40. Kh3 Qe3+ 41. Kg4 Rg1+ 42. Bg2 Rxg2# 0-1

[Event "Late-Titled-Tuesday-Blitz-February-06-2024"]
[Site "Chess.com"]
[Date "2024.02.06"]
[Round "8"]
[White "Zhigalko_Sergei"]
[Black "Witik"]
[Result "1-0"]
[WhiteElo "2943"]
[BlackElo "2753"]
[TimeControl "180+1"]
[EndTime "15:28:11 PST"]
[Termination "Zhigalko_Sergei won on time"]

1. e4 c6 2. d4 d5 3. e5 Bf5 4. Nf3 e6 5. Be2 Nd7 6. O-O h6 7. Nbd2 Ne7 8. a4 g5 9. a5 Bg7 10. Nb3 Qc7 11. Bd2 Ng6 12. c4 dxc4 13. Bxc4 g4 14.
Ne1 O-O 15. Bd3 Bxd3 16. Nxd3 f5 17. exf6 Nxf6 18. Nbc5 Rae8 19. Re1 Qc8 20. Ne5 Nxe5 21. dxe5 Nd7 22. Ne4 Nxe5 23. Nd6 Qd7 24. Nxe8 Rxe8 25. Bc3 Nd3 26. Re3 Rd8 27. Qxg4 Kh7 28. Rxd3 1-0

[Event "Late-Titled-Tuesday-Blitz-February-06-2024"]
[Site "Chess.com"]
[Date "2024.02.06"]
[Round "8"]
[White "krzyzan94"]
[Black "betta2004"]
[Result "0-1"]
[WhiteElo "2790"]
[BlackElo "2577"]
[TimeControl "180+1"]
[EndTime "15:28:11 PST"]
[Termination "betta2004 won by resignation"]

1. c4 g6 2. g3 Bg7 3. Bg2 c5 4. Nc3 Nc6 5. Nf3 d6 6. O-O e6 7. d3 Nge7 8. e4 O-O 9. Rb1 b6 10. a3 Bb7 11. Bg5 Qd7 12. Qd2 f6 13. Bh6 Nd4 14. Nxd4 cxd4 15. Ne2 e5 16. Bxg7 Kxg7 17. b4 f5 18. f3 Rac8 19. Bh3 Qe6 20. Rbc1 Qf6 21.
Qb2 Rc7 22. Bg2 g5 23. c5 dxc5 24. bxc5 bxc5 25. f4 gxf4 26. gxf4 fxe4 27. fxe5 Qg5 28. Rxf8 Kxf8 29. Nxd4 Qxe5 30. Rf1+ Kg8 31. Qa2+ Bd5 32.
Qe2 Qxd4+ 33. Kh1 exd3 34. Qd2 Ng6 35. Qg5 Rd7 36. h3 Bxg2+ 37. Qxg2 Qd5 0-1

[Event "Late-Titled-Tuesday-Blitz-February-06-2024"]
[Site "Chess.com"]
[Date "2024.02.06"]
[Round "8"]
[White "martinmena"]
[Black "Chempiblinka"]
[Result "0-1"]
[WhiteElo "2172"]
[BlackElo "2350"]
[TimeControl "180+1"]
[EndTime "15:28:11 PST"]
[Termination "Chempiblinka won on time"]

1. c4 Nf6 2. g3 g6 3. Bg2 Bg7 4. Nc3 O-O 5. d3 c5 6. Bg5 Nc6 7.
Qd2 Re8 8. e4 d6 9. Nge2 Rb8 10.
O-O a6 11. a4 b6 12. f4 Bb7 13.
f5 Ng4 14. h3 Nge5 15. g4 Nb4 16. fxg6 hxg6 17. Nf4 Qd7 18. Bh4 Bh6 19. g5 Bg7 20. Bg3 Nbc6 21. Ncd5 Nd4 22. Nxb6 Qc6 23. Nfd5 Nb3 24.
Qf2 Nxa1 25. Bxe5 dxe5 26. Qxf7+ Kh8 27. Rxa1 Qd6 0-1

[Event "Late-Titled-Tuesday-Blitz-February-06-2024"]
[Site "Chess.com"]
[Date "2024.02.06"]
[Round "8"]
[White "jcmesafischer"]
[Black "yuriydovzik"]
[Result "1-0"]
[WhiteElo "2350"]
[BlackElo "2200"]
[TimeControl "180+1"]
[EndTime "15:28:11 PST"]
[Termination "jcmesafischer won on time"]

1. e4 c6 2. Nf3 d5 3. Nc3 g6 4. h3 Bg7 5. d4 e6 6. Bf4 Qb6 7. Qd2 Nf6 8. Bd3 dxe4 9. Nxe4 Nxe4 10. Bxe4 Nd7 11. O-O Nf6 12. Bd3 O-O 13.
c4 Qd8 14. Qe2 h6 15. Rfe1 Bd7 16. b4 Re8 17. a4 a5 18. b5 cxb5 19. axb5 b6 20.
Ne5 Rc8 21. Rec1 Qe7 22. Qd2 Kh7 23. Bf1 Red8 24. Qe1 Be8 25. Be3 Nh5 26. g4 Nf6 27. Bg2 Ng8 28. f4 f5 29. c5 bxc5 30. dxc5 Bxe5 31.
fxe5 f4 32. Bf2 g5 33. c6 Bg6 34. Rxa5 Qc7 35. Ra7 1-0